 Seeded DCSS version 0.32-a0-558-g233958a (webtiles) character file.

Game seed: 7942559003663619627 (custom seed)

177289 Anonymous1 the Eclecticist (level 18, -16/196 HPs)
             Began as an Oni Necromancer on Feb 27, 2024.
             Was the Champion of Kikubaaqudgha.
             Demolished by a death scarab (23 damage)
             ... on level 4 of the Spider Nest on Feb 29, 2024.
             The game lasted 02:39:45 (36806 turns).

Anonymous1 the Eclecticist (Oni Necromancer)       Turns: 36806, Time: 02:39:45

Health: -16/196    AC:  9    Str: 22    XL:     18   Next: 16%
Magic:  30/47      EV: 16    Int: 20    God:    Kikubaaqudgha [******]
Gold:   889        SH:  0    Dex: 17    Spells: 3/50 levels left

rFire   . . .        M - +3 flail (venom)
rCold   . . .        (no shield)
rNeg    + . .        p - +1 troll leather armour of Minor Irritation {rN+ Regen+ Dex+3}
rPois   +            w - +2 hat
rElec   .            O - scarf of Makhleb's Supremacy {shadows, Will- MP+9 Int+2 Dex+2}
rCorr   .            (gloves unavailable)
SInv    +            (boots unavailable)
Will    .....        g - amulet of magic regeneration
Stlth   ++           y - ring of see invisible
HPRegen 1.32/turn    s - ring of poison resistance
MPRegen 0.70/turn

%: no passive effects
@: about to teleport, fugue, animating dead, slowed, studying Dodging, very slow
A: large, unfitting armour, horns 1, tough skin 1, double potion healing,
drunken brawling, hooves 1, iridescent scales 1, agile 1, deterioration 1,
strong 1, inability to read after injury 1
a: Renounce Religion, Unearth Wretches, Torment


You were on level 4 of the Spider Nest.
You worshipped Kikubaaqudgha.
Kikubaaqudgha was exalted by your worship.
You visited 5 branches of the dungeon, and saw 27 of its levels.
You also visited: Ice Cave.

You collected 2701 gold pieces.
You spent 1812 gold pieces at shops.

Inventory:

Hand Weapons
 M - a +3 flail of venom (weapon)
Missiles
 x - 3 throwing nets
 T - 3 curare-tipped darts (quivered)
Armour
 p - the +1 troll leather armour of Minor Irritation (worn) {rN+ Regen+ Dex+3}
   (You bought it in a shop on level 2 of the Orcish Mines)

   Dex+3:     It affects your dexterity (+3).
   rN+:       It protects you from negative energy.
   Regen+:    It increases your rate of health regeneration.
 w - a +2 hat (worn)
 O - the scarf of Makhleb's Supremacy (worn) {shadows, Will- MP+9 Int+2 Dex+2}
   (You bought it in a shop on level 2 of the Orcish Mines)

   Int+2:     It affects your intelligence (+2).
   Dex+2:     It affects your dexterity (+2).
   Will-:     It decreases your willpower.
   MP+9:      It affects your magic capacity (+9).
 Q - +0 ice dragon scales
Jewellery
 a - an amulet of the acrobat
 e - a +6 ring of intelligence
 g - an amulet of magic regeneration (around neck)
 o - the ring "Lasitaom" {rElec rF+ rN+}
   (You bought it in a shop on level 2 of the Orcish Mines)

   [ring of positive energy]

   rF+:       It protects you from fire.
   rElec:     It insulates you from electricity.
   rN+:       It protects you from negative energy.
 s - a ring of poison resistance (right hand)
 y - a ring of see invisible (left hand)
 C - a ring of ice
 S - a +6 ring of strength
 U - a ring of fire
Wands
 i - a wand of light (10)
 r - a wand of mindburst (12)
 t - a wand of paralysis (5)
 H - a wand of digging (15)
 L - a wand of iceblast (6)
Scrolls
 d - 2 scrolls of silence
 f - 3 scrolls of blinking
 n - 6 scrolls of fog
 q - 5 scrolls of revelation
 v - a scroll of torment
 A - a scroll of amnesia
 D - 2 scrolls of brand weapon
 E - a scroll of immolation
 F - 2 scrolls of vulnerability
 G - 6 scrolls of teleportation
 I - a scroll of enchant armour
 R - 4 scrolls of fear
 V - a scroll of butterflies
Potions
 b - 3 potions of magic
 c - 2 potions of enlightenment
 h - 5 potions of heal wounds
 j - 2 potions of lignification
 k - 7 potions of curing
 l - 2 potions of brilliance
 m - 3 potions of attraction
 u - 9 potions of berserk rage
 z - a potion of cancellation
 B - a potion of mutation
 J - 3 potions of ambrosia
 K - 2 potions of resistance
 N - 2 potions of might
 P - 2 potions of invisibility


   Skills:
 - Level 16.0 Fighting
 - Level 11.1 Maces & Flails
 - Level 5.7 Armour
 - Level 12.1 Dodging
 - Level 1.4 Stealth
 - Level 16.5 Spellcasting
 + Level 15.2 Summonings
 - Level 12.1 Necromancy
 - Level 2.0 Translocations
 - Level 1.9 Ice Magic
 - Level 4.9 Earth Magic


You had 3 spell levels left.
You knew the following spells:

 Your Spells              Type           Power      Damage    Failure   Level
a - Ozocubu's Armour      Ice            24%        N/A       5%          3
b - Vampiric Draining     Necr           60%        2d10      1%          3
c - Animate Dead          Necr           60%        N/A       1%          4
d - Lesser Beckoning      Tloc           48%        N/A       2%          2
e - Haunt                 Necr/Summ      31%        N/A       13%         7
f - Dispel Undead         Necr           60%        3d21      1%          4
g - Borgnjor's Vile Clut  Necr/Erth      25%        N/A       3%          5
h - Death Channel         Necr           30%        N/A       4%          6
i - Martyr's Knell        Necr/Summ      63%        N/A       1%          4
j - Fugue of the Fallen   Necr           60%        N/A       1%          3
k - Anguish               Hex/Necr       20%        N/A       3%          4
B - Blink                 Tloc           48%        N/A       2%          2

Your spell library contained the following spells:

 Spells                   Type           Power      Damage    Failure   Level
 Call Imp                 Summ           100%       N/A       0%          2
 Necrotise                Necr           100%       1d9       1%          1
 Cigotuvi's Dreadful Rot  Necr/Alch/Air  64%        N/A       1%          2
 Sublimation of Blood     Necr           60%        N/A       1%          2
 Magic Dart               Conj           64%        1d6       4%          1
 Ensorcelled Hibernation  Hex/Ice        40%        N/A       4%          2
 Momentum Strike          Conj/Tloc      40%        3d9       4%          2
 Scorch                   Fire           32%        2d6       6%          2
 Searing Ray              Conj           32%        2d5       6%          2
 Inner Flame              Hex/Fire       16%        N/A       12%         3
 Curse of Agony           Necr           60%        N/A       1%          5
 Summon Cactus Giant      Summ           33%        N/A       1%          6
 Summon Hydra             Summ           33%        N/A       7%          7
 Manifold Assault         Tloc           24%        N/A       17%         4
 Flame Wave               Conj/Fire      16%        2d7       38%         4
 Fulminant Prism          Conj/Alch      8%         3d6       38%         4
 Sticky Flame             Fire/Alch      16%        2d5       38%         4
 Irradiate                Conj/Alch      8%         3d14      75%         5
 Borgnjor's Revivificati  Necr           30%        N/A       88%         8
 Infestation              Necr           30%        N/A       88%         8
 Conjure Ball Lightning   Conj/Air       8%         3x3d6     99%         6
 Sculpt Simulacrum        Ice/Alch       10%        N/A       99%         6
 Ozocubu's Refrigeration  Ice            12%        4d10      100%        7
 Discord                  Hex            8%         N/A       100%        8
 Disjunction              Tloc           12%        N/A       100%        8
 Ignition                 Fire           8%         3d5       100%        8
 Death's Door             Necr           30%        N/A       100%        9
 Polar Vortex             Ice            12%        12d1*     100%        9


Dungeon Overview and Level Annotations

Branches:
Dungeon (15/15)            Temple (1/1) D:4            Lair (5/5) D:8
 Shoals (0/4) Lair:2       Spider (4/4) Lair:3        Slime (0/5) Lair:4
    Orc (2/2) D:11            Elf (0/3) Orc:2        Vaults (0/5) D:14
 Depths (0/4) D:15          IceCv (visited)

Altars:
Ashenzari
Cheibriados
Dithmenos
Elyvilon
Fedhas
Gozag
Hepliaklqana
Kikubaaqudgha
Makhleb
Nemelex Xobeh
Okawaru
Qazlal
Ru
Sif Muna
Trog
Uskayaw
Vehumet
Wu Jian
Xom
Yredelemnul
Zin
The Shining One
Beogh
Jiyva

Shops:
D:3 ?   D:14 ?[   Orc:2 =([*

Annotations:
D:7 1 runed translucent door, Taxman66's ghost, novice OpAE
D:10 3 runed translucent doors, exclusion: obsidian statue, PurpleRed's ghost, journeyman HOAr
Lair:5 1 runed translucent door, Bolunijamo's ghost, journeyman GnFi


Innate Abilities, Weirdness & Mutations

You are too large for most types of armour.
You have a pair of small horns on your head.
You have tough skin. (AC +1)
You gain doubled healing and magic from potions.
Whenever you drink a healing potion, you attack all around you.
You have large cloven feet.
You are partially covered in iridescent scales. (AC +2)
You are agile. (Dex +4, Str/Int -1)
Your body sometimes deteriorates upon taking damage.
Your muscles are strong. (Str +4, Int/Dex -1)
You occasionally lose the ability to read scrolls when taking damage.


Message History

Your demonic crawler zombie seems to slow down.
The death scarab misses you.
The spectral redback bites your demonic crawler zombie.
Your demonic crawler zombie hits the death scarab!
The death scarab is destroyed!
Kikubaaqudgha accepts your kill. The demonic crawler misses you.
The demonic crawler completely misses you.
The demonic crawler hits you! The death scarab bites you!!
The death scarab draws strength from your injuries!
The spectral redback bites your demonic crawler zombie but does no damage.
Unknown command.
The death scarab attacks as it pursues you!
The death scarab bites you!!
* * * LOW HITPOINT WARNING * * *
The death scarab drains your vigour!
You feel as though you will be slow longer.
The death scarab draws strength from your injuries!
The death scarab bites you!
* * * LOW HITPOINT WARNING * * *
The death scarab drains your vigour!
You feel as though you will be slow longer.
The death scarab draws strength from your injuries!
The spectral culicivora bites your demonic crawler zombie!
The demonic crawler attacks as it pursues you!
The demonic crawler hits you but does no damage.
The demonic crawler barely misses you. The demonic crawler hits you!
* * * LOW HITPOINT WARNING * * *
The spectral redback bites your demonic crawler zombie.
The spectral culicivora passes through a web.
Your demonic crawler zombie hits the spectral redback!
Your demonic crawler zombie closely misses the spectral redback.
Your demonic crawler zombie hits the spectral redback.
The demonic crawler closely misses you.
The demonic crawler hits you but does no damage.
The demonic crawler closely misses you.
The spectral redback bites your demonic crawler zombie but does no damage.
The death scarab bites you!!
You die...
Kikubaaqudgha rasps: You have failed me!
Welcome... death!

~~†~~~~# $...^'...#...~~~##~~~.
~~~~~..# .....'...#...~~~~~~~~.
~†~~~~.# !..§.'...#...~~~~~##~.
#~#~#~## .....'..##Z.^~~~#####.
~~#~~~~# .....#Z.^#...~~######.
~~#~~..# ..s. #Z.Z#..#.~##.##..
~Z#~...# ######BZZ#..~..#...Z..
~.#.........#^^.BsZ.#.††.^#.ßZß.Z
~Z#.#...........@B#.#....^#..Z...
~.# ^.....^..^.#....##......
#.###################†..^.#.ß.ß..
..Z#......#.~~~~#~........#......
.....Z.....~~~~~~~~~#..^#.#......
.....#.~~~~~~~~...~~~~~...#.ß.ß..
......~~#~~~..#..^.~~~~~~~#......
.....~~~~.........^...#~~~#...^..
###########################.ß.ß..


You could see a demonic crawler, a spectral tarantella, 2 spectral redbacks, 2
spectral culicivoras, 3 death scarabs and a friendly demonic crawler zombie
(slow).

Vanquished Creatures
  An Ice Fiend (IceCv)
  Kirke (D:14)
  5 emperor scorpions
  An orc warlord (Orc:2)
  An ironbound thunderhulk (D:14)
  A spark wasp (Spider:4)
  2 vault guards (D:14)
  Harold (Lair:1)
  7 hydras
  2 ogre magi
  3 catoblepae (Lair:5)
  A centaur warrior (D:14)
  5 death yaks
  2 boulder beetles
  4 two-headed ogres
  A demonic crawler (Spider:4)
  3 orc high priests (Orc:2)
  Urug (D:15)
  2 deep elf knights (D:15)
  2 nameless horrors (IceCv)
  Nergalle (Lair:1)
  A pharaoh ant (Spider:4)
  An orb spider (Spider:3)
  An obsidian statue (IceCv)
  2 deep elf pyromancers
  An arcanist (D:15)
  A lindwurm (Lair:5)
  6 spriggan simulacra (IceCv)
  A bog body (IceCv)
  A spectral jorogumo (Spider:4)
  4 orc knights
  5 orc sorcerers (Orc:2)
  An oklob plant (Lair:4)
  3 cyclopes
  3 wolf spiders
  A manticore (Lair:5)
  2 meliai (D:12)
  3 elephants (Lair:4)
  6 ugly things
  2 slime creatures (D:12)
  4 black mambas
  2 kobold blastminers (Orc:2)
  3 cane toads
  2 torpor snails
  A gargoyle (D:11)
  Jeremiah (D:7)
  4 unseen horrors
  3 freezing wraiths (IceCv)
  7 komodo dragons
  5 ice devils (IceCv)
  3 golden dragon simulacra (IceCv)
  An anaconda simulacrum (IceCv)
  4 trolls
  A spectral culicivora (Spider:4)
  2 alligator simulacra (IceCv)
  A spectral tarantella (Spider:4)
  3 tarantellas
  8 blink frogs
  10 dream sheep
  Sigmund (D:7)
  7 jumping spiders
  4 culicivoras
  A jumping spider zombie (Spider:4)
  A spriggan (shapeshifter) (D:14)
  A wyvern (D:9)
  A human (D:14)
  6 wraiths
  3 shadows
  2 vampires
  Eustachio (D:5)
  A basilisk (Lair:2)
  A fire elemental (D:14)
  30 yaks
  6 minotaur simulacra (IceCv)
  A hog (D:14)
  8 vampire mosquitoes
  4 steam dragons
  6 wargs
  15 redbacks
  3 harpy simulacra (IceCv)
  2 hell hounds (D:14)
  A hydra simulacrum (IceCv)
  6 water moccasins
  A sky beast (D:14)
  3 ice beasts
  6 ogres
  2 black bears
  14 orc warriors
  10 centaurs
  17 wolves
  3 phantoms (D:6)
  3 gnoll sergeants
  9 bullfrogs
  A warg zombie (Orc:2)
  6 deep troll simulacra (IceCv)
  3 scorpions
  A lindwurm simulacrum (IceCv)
  4 howler monkeys
  4 jellies
  22 orc priests
  3 hounds (D:5)
  An iguana (D:6)
  24 orc wizards
  Terence (D:3)
  7 gnolls
  9 adders
  A dart slug (D:5)
  4 ribbon worms (D:2)
  68 orcs
  4 bats
  6 endoplasms
  A giant cockroach (D:2)
  8 hobgoblins
  7 jackals
  13 kobolds
  4 quokkas
  6 ball pythons
  4 frilled lizards
  5 goblins
  8 orc zombies
  2 rats (D:1)
  A butterfly (D:4)
565 creatures vanquished.

Vanquished Creatures (collateral kills)
  Arachne (Spider:4)
  A fire giant (D:15)
  3 ghost moths (Spider:4)
  3 emperor scorpions
  A broodmother (Spider:4)
  2 spark wasps (Spider:4)
  Azrael (D:14)
  Snorg (D:13)
  4 entropy weavers
  Josephine (D:14)
  A vault guard (D:14)
  A catoblepas (Lair:5)
  2 hydras (Lair:4)
  3 jorogumos
  A boulder beetle (Lair:4)
  7 two-headed ogres
  A death scarab (Spider:4)
  7 death yaks
  Sonja (D:13)
  An occultist (D:15)
  4 demonic crawlers
  A fire crab (Lair:4)
  4 pharaoh ants (Spider:4)
  5 spriggan simulacra
  4 orb spiders
  A slime creature (D:12)
  A spectral jorogumo (Spider:4)
  2 orc knights (Orc:2)
  2 steelbarb worms
  A wolf spider zombie (Spider:4)
  A deep elf pyromancer (D:15)
  2 ugly things (D:15)
  20 wolf spiders
  4 meliai
  A manticore (Lair:5)
  3 black mambas (Lair:5)
  3 moths of wrath
  4 elephants (Lair:4)
  2 kobold blastminers (Orc:2)
  A cane toad (shapeshifter) (D:14)
  8 torpor snails
  6 cane toads
  An unseen horror (D:10)
  A gargoyle (D:12)
  2 rime drakes
  3 spectral redbacks (Spider:4)
  4 komodo dragons
  2 redback zombies (Spider:4)
  A freezing wraith (IceCv)
  A culicivora zombie (Spider:4)
  6 blink frogs
  8 tarantellas
  6 dream sheep
  A tarantella zombie (Spider:4)
  9 jumping spiders
  14 culicivoras
  A dire elephant simulacrum (Spider:3)
  17 yaks
  A wyvern (Lair:4)
  2 fire elementals (D:14)
  3 hogs (D:14)
  4 wargs
  53 redbacks
  5 minotaur simulacra
  2 vampire mosquitoes (D:12)
  12 water moccasins
  An acid dragon (D:12)
  A hell hound (D:14)
  5 orc warriors
  6 wolves
  An ogre (shapeshifter) (D:14)
  5 ogres
  A centaur (D:14)
  A kobold brigand (D:6)
  9 bullfrogs
  2 deep troll simulacra
  A wight (D:9)
  4 jellies
  5 orc priests
  2 orc wizards
  28 orcs
  An endoplasm (Lair:4)
  A jackal (D:1)
  A frilled lizard (D:1)
  A butterfly (Lair:5)
358 creatures vanquished.

Vanquished Creatures (others)
  2 broodmothers (Spider:4)
  An entropy weaver (Spider:4)
  2 radroaches
  A jorogumo (Spider:4)
  2 boulder beetles
  A centaur warrior (D:13)
  A death scarab (Spider:4)
  A demonic crawler (Spider:1)
  2 orb spiders
  A spark wasp zombie (Spider:4)
  3 wolf spiders
  3 wolf spider zombies (Spider:4)
  A steelbarb worm (Spider:2)
  A jorogumo zombie (Spider:4)
  An ugly thing zombie (D:12)
  A cyclops (D:15)
  3 meliai (Spider:2)
  3 cane toads
  2 orb spider zombies (Spider:4)
  2 rime drakes (IceCv)
  9 redback zombies
  An unseen horror zombie (D:9)
  2 hydra zombies (Lair:4)
  2 culicivora zombies (Spider:4)
  8 tarantellas
  A human zombie (D:15)
  6 tarantella zombies
  8 jumping spider zombies
  A boulder beetle zombie (D:14)
  A radroach zombie (Spider:4)
  A culicivora (Spider:3)
  7 jumping spiders
  A black mamba zombie (Lair:1)
  2 elf zombies (D:15)
  3 yaks
  A hog (D:14)
  12 redbacks
  5 two-headed ogre zombies
  A water moccasin (Lair:3)
  An entropy weaver zombie (Spider:4)
  4 cane toad zombies
  2 ice beasts (IceCv)
  2 orc warriors
  A wolf (Lair:4)
  2 torpor snail zombies
  3 rime drake zombies
  4 centaurs
  4 komodo dragon zombies
  A troll zombie (D:13)
  A cyclops zombie (D:15)
  2 hell hound zombies (D:14)
  A water moccasin zombie (Lair:3)
  12 yak zombies
  10 wolf zombies
  5 bullfrog zombies
  8 centaur zombies
  A sky beast zombie (D:14)
  3 ice beast zombies
  3 ogre zombies
  An adder (D:15)
  A jelly zombie (Lair:4)
  An adder zombie (D:15)
  A bat zombie (D:14)
  A gnoll zombie (D:10)
  A ball python zombie (D:14)
  An endoplasm zombie (Lair:4)
  A kobold (D:14)
  6 kobold zombies
  60 orc zombies
250 creatures vanquished.

Grand Total: 1173 creatures vanquished

Notes
Turn   | Place    | Note
-------+----------+-------------------------------------------
     0 | D:1      | Anonymous1 the Oni Necromancer began the quest for the Orb.
     0 | D:1      | Reached XP level 1. HP: 16/16 MP: 3/3
   299 | D:1      | Reached XP level 2. HP: 24/24 MP: 3/5
   647 | D:1      | Reached skill level 1 in Fighting
   704 | D:1      | Reached XP level 3. HP: 33/33 MP: 4/7
  1150 | D:2      | Reached XP level 4. HP: 20/42 MP: 0/9
  1256 | D:2      | Learned a level 3 spell: Vampiric Draining
  1261 | D:2      | Learned a level 4 spell: Animate Dead
  2485 | D:3      | Noticed Terence
  2488 | D:3      | Killed Terence
  2489 | D:3      | Reached XP level 5. HP: 52/52 MP: 6/10
  2538 | D:3      | Found Xigu Cut's Magic Scroll Shop.
  2541 | D:3      | Bought a scroll of identify for 24 gold pieces
  2542 | D:3      | Bought a scroll of identify for 24 gold pieces
  2641 | D:3      | Found a shimmering blue altar of Sif Muna.
  2934 | D:4      | Found a broken altar of Ashenzari.
  3047 | D:4      | Found a staircase to the Ecumenical Temple.
  3057 | Temple   | Entered the Ecumenical Temple
  3297 | D:4      | Noticed a phantom
  3836 | D:4      | Found a shimmering altar of Xom.
  3978 | D:4      | Reached XP level 6. HP: 61/61 MP: 6/12
  4180 | D:5      | Entered Level 5 of the Dungeon
  4630 | D:5      | Reached skill level 5 in Necromancy
  4630 | D:5      | Reached XP level 7. HP: 64/71 MP: 7/14
  4684 | D:5      | Reached skill level 5 in Spellcasting
  5144 | D:5      | Reached skill level 5 in Fighting
  5276 | D:5      | Noticed Eustachio
  5374 | D:5      | Noticed a yak
  5396 | D:5      | Killed a yak
  5397 | D:5      | Reached XP level 8. HP: 61/81 MP: 11/16
  5507 | D:5      | Killed Eustachio
  5782 | D:5      | Learned a level 2 spell: Blink
  5788 | D:5      | Learned a level 5 spell: Curse of Agony
  6331 | D:6      | Found a bloodstained altar of Trog.
  6509 | D:6      | Reached XP level 9. HP: 90/93 MP: 18/20
  6614 | D:6      | Reached skill level 5 in Dodging
  7085 | D:7      | Noticed Sigmund
  7109 | D:7      | Killed Sigmund
  7457 | D:7      | Noticed Jeremiah
  7704 | D:7      | Found a runed translucent door.
  7705 | D:7      | Found a shimmering altar of Xom.
  7705 | D:7      | Noticed Taxman66's ghost (novice OpAE)
  7705 | D:7      | Noticed a +0 whip of chaos
  8038 | D:7      | Reached XP level 10. HP: 57/106 MP: 16/23
  8054 | D:7      | Killed Jeremiah
  8055 | D:7      | Reached skill level 10 in Spellcasting
  8977 | D:8      | Identified the +7 sling "Ukhlyhin" {freeze, rCorr}
  9149 | D:8      | Found an ancient bone altar of Kikubaaqudgha.
  9169 | D:8      | Became a worshipper of Kikubaaqudgha
  9363 | D:8      | Found a staircase to the Lair.
  9469 | D:8      | Learned a level 2 spell: Lesser Beckoning
  9917 | D:8      | Reached * piety under Kikubaaqudgha
  9917 | D:8      | Received a gift from Kikubaaqudgha
 10171 | D:9      | Noticed a two-headed ogre
 10235 | D:8      | Reached skill level 10 in Fighting
 10428 | D:9      | Noticed a cyclops
 10927 | D:9      | Killed an unseen horror
 11014 | D:9      | Noticed a five-headed hydra
 11022 | D:9      | Killed a five-headed hydra
 11023 | D:9      | Reached XP level 11. HP: 119/119 MP: 7/26
 11323 | D:9      | Killed a two-headed ogre
 11596 | D:9      | Noticed a two-headed ogre
 11604 | D:9      | Killed a two-headed ogre
 11949 | D:10     | Entered Level 10 of the Dungeon
 12013 | Lair:1   | Entered Level 1 of the Lair of Beasts
 12572 | Lair:1   | Noticed Nergalle
 12596 | Lair:1   | Killed Nergalle
 12755 | Lair:1   | Reached ** piety under Kikubaaqudgha
 13542 | Lair:2   | Noticed a death yak
 13543 | Lair:2   | Noticed a death yak
 13589 | Lair:2   | Reached skill level 1 in Maces & Flails
 13782 | Lair:2   | Noticed Harold
 13803 | Lair:2   | Noticed a death yak
 13813 | Lair:1   | Killed Harold
 13814 | Lair:1   | Reached XP level 12. HP: 127/132 MP: 15/29
 13895 | Lair:2   | Found a bloodstained altar of Trog.
 13909 | Lair:2   | Killed a death yak
 13919 | Lair:2   | Killed a death yak
 13923 | Lair:2   | Killed a death yak
 14222 | Lair:2   | Found a staircase to the Shoals.
 14772 | Lair:3   | Identified the +5 short sword of the Threshing Blowfly
                  | {pain, rC+ MP+9}
 15122 | Lair:3   | Reached skill level 5 in Maces & Flails
 15355 | Lair:3   | Reached skill level 10 in Necromancy
 15661 | Lair:3   | Found a hole to the Spider Nest.
 15735 | Lair:3   | Reached *** piety under Kikubaaqudgha
 15735 | Lair:3   | Received a gift from Kikubaaqudgha
 15741 | Lair:3   | Learned a level 4 spell: Dispel Undead
 15747 | Lair:3   | Learned a level 5 spell: Borgnjor's Vile Clutch
 15754 | Lair:3   | Learned a level 6 spell: Death Channel
 15759 | Lair:3   | Learned a level 4 spell: Martyr's Knell
 16170 | Lair:4   | Noticed a four-headed hydra
 16200 | Lair:4   | Killed a four-headed hydra
 16338 | Lair:4   | Gained mutation: You are weak. (Str -2) [potion of
                  | mutation]
 16338 | Lair:4   | Gained mutation: You have large cloven feet. [potion of
                  | mutation]
 16338 | Lair:4   | Gained mutation: You have a pair of horns on your head.
                  | [potion of mutation]
 16345 | Lair:4   | Reached skill level 1 in Earth Magic
 16381 | Lair:4   | Found a staircase to the Slime Pits.
 16381 | Lair:4   | Found a viscous altar of Jiyva.
 16387 | Lair:4   | Noticed a five-headed hydra
 16430 | Lair:3   | Killed a five-headed hydra
 16750 | D:9      | Reached XP level 13. HP: 144/144 MP: 21/31
 17110 | D:10     | Found a runed translucent gate.
 17110 | D:10     | Found a runed translucent gate.
 17110 | D:10     | Found a runed translucent gate.
 17110 | D:10     | Found an opulent altar of Gozag.
 17112 | D:10     | Noticed PurpleRed's ghost (journeyman HOAr)
 17386 | D:10     | Found a white marble altar of Elyvilon.
 17925 | D:11     | You fall into a shaft and drop 3 floors!
 18174 | D:13     | Noticed Snorg
 18185 | D:13     | Killed Snorg
 18705 | D:13     | Your ally Snorg died
 18841 | D:13     | Noticed Sonja
 18865 | D:13     | Killed Sonja
 19339 | D:12     | Reached **** piety under Kikubaaqudgha
 19765 | D:12     | Reached skill level 15 in Spellcasting
 20950 | D:11     | Reached ***** piety under Kikubaaqudgha
 21498 | D:11     | Reached skill level 10 in Dodging
 21619 | D:11     | Found a staircase to the Orcish Mines.
 22103 | D:11     | Found a blossoming altar of Fedhas.
 22446 | Lair:3   | Reached skill level 1 in Armour
 22568 | Lair:4   | Reached XP level 14. HP: 125/156 MP: 10/33
 24101 | Lair:5   | Entered Level 5 of the Lair of Beasts
 24540 | Lair:5   | Found a runed translucent door.
 24540 | Lair:5   | Found a shimmering altar of Xom.
 24540 | Lair:5   | Noticed Bolunijamo's ghost (journeyman GnFi)
 24632 | Lair:5   | Reached ****** piety under Kikubaaqudgha
 24705 | Lair:5   | Learned a level 3 spell: Fugue of the Fallen
 24709 | Lair:5   | Learned a level 3 spell: Ozocubu's Armour
 24935 | Lair:5   | Received a gift from Kikubaaqudgha (forbidden knowledge)
 24939 | Lair:5   | Reached skill level 10 in Maces & Flails
 25301 | Lair:5   | Reached skill level 1 in Summonings
 25712 | Lair:5   | Reached skill level 15 in Fighting
 25721 | Lair:5   | Reached XP level 15. HP: 87/167 MP: 2/34
 25727 | Lair:5   | Reached skill level 1 in Translocations
 25729 | Lair:5   | Reached skill level 1 in Ice Magic
 26347 | Orc:1    | Entered Level 1 of the Orcish Mines
 26487 | Orc:2    | Entered Level 2 of the Orcish Mines
 26487 | Orc:2    | Noticed an orc warlord
 26487 | Orc:2    | Found a staircase to the Elven Halls.
 26504 | Orc:2    | Killed an orc warlord
 26715 | Orc:2    | Found a roughly hewn altar of Beogh.
 27150 | Orc:2    | Found Zopt's Assorted Antiques.
 27150 | Orc:2    | Found Niasorph's Jewellery Shoppe.
 27152 | Orc:2    | Found Gauc's Antique Armour Boutique.
 27152 | Orc:2    | Found Xakodag's Antique Weapon Shoppe.
 27755 | Orc:2    | Bought the ring "Lasitaom" {rElec rF+ rN+} for 615 gold
                  | pieces
 27762 | Orc:2    | Bought a faintly glowing troll leather armour for 460 gold
                  | pieces
 27762 | Orc:2    | Identified the +1 troll leather armour of Minor Irritation
                  | {rN+ Regen+ Dex+3} (You bought it in a shop on level 2 of
                  | the Orcish Mines)
 27775 | Orc:2    | Bought an encrusted scarf for 230 gold pieces
 27775 | Orc:2    | Identified the scarf of Makhleb's Supremacy {shadows, Will-
                  | MP+9 Int+2 Dex+2} (You bought it in a shop on level 2 of
                  | the Orcish Mines)
 27785 | Orc:2    | Bought a scroll of fear for 144 gold pieces
 28675 | D:14     | Found a sacrificial altar of Ru.
 28846 | D:14     | Reached skill level 5 in Armour
 28850 | D:14     | Found a gate to the Vaults.
 28925 | D:14     | Noticed Azrael
 28944 | D:14     | Killed Azrael
 29046 | D:14     | Found Qisk's Magic Scroll Boutique.
 29052 | D:14     | Bought a scroll of silence for 133 gold pieces
 29052 | D:14     | Bought a scroll of teleportation for 42 gold pieces
 29052 | D:14     | Bought a scroll of fear for 56 gold pieces
 29052 | D:14     | Bought a scroll of identify for 28 gold pieces
 29052 | D:14     | Bought a scroll of identify for 28 gold pieces
 29052 | D:14     | Bought a scroll of identify for 28 gold pieces
 29072 | D:14     | Noticed Kirke
 29081 | D:14     | Noticed a sphinx
 29092 | D:14     | Killed Kirke
 29199 | D:14     | Noticed Josephine
 29206 | D:14     | Killed Josephine
 29298 | D:14     | Found Tuteubb's Armour Shop.
 29638 | D:15     | Entered Level 15 of the Dungeon
 29864 | D:15     | Reached XP level 16. HP: 86/179 MP: 15/36
 29865 | D:15     | Noticed Urug
 29880 | D:15     | Killed Urug
 30136 | D:15     | Found a sparkling altar of Nemelex Xobeh.
 30343 | D:15     | Found a staircase to the Depths.
 30975 | D:15     | Learned a level 7 spell: Haunt
 31208 | Spider:1 | Entered Level 1 of the Spider Nest
 31221 | Spider:1 | Reached skill level 5 in Summonings
 31922 | Spider:1 | Learned a level 4 spell: Anguish
 32484 | Spider:2 | Gained mutation: You are frail. (-10% HP) [mutagenic glow]
 32523 | Spider:2 | Lost mutation: You are frail. (-10% HP) [potion of
                  | mutation]
 32523 | Spider:2 | Lost mutation: You have a pair of horns on your head.
                  | [potion of mutation]
 32523 | Spider:2 | Gained mutation: Your spells are a little easier to cast,
                  | but a little less powerful. [potion of mutation]
 32523 | Spider:2 | Gained mutation: You have a somewhat thin skeletal
                  | structure. (Dex +2, Stealth+) [potion of mutation]
 32523 | Spider:2 | Gained mutation: You are occasionally teleported next to
                  | monsters. [potion of mutation]
 32523 | Spider:2 | Lost mutation: You are weak. (Str -2) [potion of mutation]
 32524 | Spider:2 | Lost mutation: You are occasionally teleported next to
                  | monsters. [potion of mutation]
 32524 | Spider:2 | Lost mutation: Your spells are a little easier to cast, but
                  | a little less powerful. [potion of mutation]
 32524 | Spider:2 | Lost mutation: You have a somewhat thin skeletal structure.
                  | (Dex +2, Stealth+) [potion of mutation]
 32524 | Spider:2 | Gained mutation: Your body sometimes deteriorates upon
                  | taking damage. [potion of mutation]
 32524 | Spider:2 | Gained mutation: You are agile. (Dex +4, Str/Int -1)
                  | [potion of mutation]
 32524 | Spider:2 | Gained mutation: You are partially covered in iridescent
                  | scales. (AC +2) [potion of mutation]
 32524 | Spider:2 | Gained mutation: Your muscles are strong. (Str +4, Int/Dex
                  | -1) [potion of mutation]
 33564 | Spider:3 | Found a glacial archway.
 33578 | IceCv    | Entered an ice cave
 33607 | IceCv    | Reached skill level 10 in Summonings
 33705 | IceCv    | Gained mutation: You occasionally lose the ability to read
                  | scrolls when taking damage. [mutagenic glow]
 33894 | IceCv    | Reached XP level 17. HP: 169/187 MP: 27/37
 34473 | IceCv    | Upgraded the game from 0.32-a0-520-g344ed53 to
                  | 0.32-a0-558-g233958a
 34980 | IceCv    | Noticed an Ice Fiend
 34994 | IceCv    | Killed an Ice Fiend
 35207 | IceCv    | Identified the +2 pair of gloves "Xenyires" {Harm rPois
                  | Int+3 Slay+2}
 35884 | Spider:4 | Entered Level 4 of the Spider Nest
 36135 | Spider:4 | Noticed Arachne
 36142 | Spider:4 | Killed Arachne
 36610 | Spider:4 | Reached XP level 18. HP: 151/196 MP: 10/38
 36759 | Spider:4 | Reached skill level 15 in Summonings
 36806 | Spider:4 | HP: 7/196 [demonic crawler (10)]
 36806 | Spider:4 | Demolished by a death scarab

Illustrated notes

Levels and vault maps discovered:
D:1:      orjb1_lava_funnel, layout_loops_ring
D:2:      layout_basic, hangedman_feature_mirror, serial_bayou_pond_e
D:3:      layout_rooms, old_standard_altar, serial_shops,
          nicolae_shop_rolled_up, uniq_terence
D:4:      layout_loops_corners, ashenzari_conservatory_becter,
          lemuel_crystal_altar, minmay_temple_entry_butterflies
D:5:      layout_loops_ring, minmay_manual_mess, uniq_eustachio
D:6:      layout_cave_pools, trog_hazing_becter
D:7:      layout_layer_cave, ebering_ghost_xom, sigmund_army, uniq_jeremiah
D:8:      layout_layer_cave, overflow_temple_1_default,
          erik_lair_orcish_takeover
D:9:      hangedman_cross_stitches, layout_gridville
D:10:     layout_roguey, mainiacjoe_overflow_24_doors, ebering_ghost_gozag,
          kennysheep_generic_room_11
D:11:     layout_long_grid, erik_orc_4, fedhas_altar_4
D:12:     layout_roguey [special_room_orc], kennysheep_generic_room_3
D:13:     layout_loops_ring, lemuel_flamethrower_2, uniq_snorg, uniq_sonja
D:14:     layout_long_grid, hellmonk_vaults_keyhole, serial_shops,
          nicolae_shop_mannequins, nicolae_shop_peninsula,
          kennysheep_crisscross, nrook_loot_triangle,
          nicolae_ru_great_annihilating_truth, uniq_azrael, uniq_josephine,
          uniq_kirke
D:15:     grunt_enter_depths_giant_problem, layout_grid_maze,
          nemelex_spade_bored_becter, sword_in_stone
Temple:   eino_temple_scatter_basement
Lair:1:   layout_cave_pods, nicolae_lair_grove_arrangements, uniq_nergalle
Lair:2:   layout_misc_corridors, elwin_shoals_entry_rooms, basic_altar,
          st_stairs_8, minivault_24, uniq_harold
Lair:3:   layout_chaotic_city, spider_nest_entry_webs,
          nicolae_lair_run_with_the_wolves
Lair:4:   nzn_winding_woodlands_stair_cross [nzn_winding_woodlands_5x15_eye,
          nzn_winding_woodlands_center_diamonds,
          nzn_winding_woodlands_5x15_concentric,
          nzn_winding_woodlands_5x5_closed_star,
          nzn_winding_woodlands_5x5_three,
          nzn_winding_woodlands_5x15_sidewinder,
          nzn_winding_woodlands_center_lodge, nzn_winding_woodlands_5x15_pool],
          layout_concentric_octagons, nicolae_slime_entry_slimehenge
Lair:5:   evilmike_catoblepas_cave, layout_hall_layers, ebering_ghost_xom,
          chequers_serial_rivers_room_b, fungi_pond_lemuel,
          nzn_sisyphean_effort, lemuel_fruit_fields
Spider:1: layout_spider_delve
Spider:2: layout_spider_delve, nicolae_spider_baby_got_redback
Spider:3: layout_spider_delve, portal_ice_cave_entry_ice_simulacra, drop_trap
Spider:4: floodkiller_spider_rune_tomb, uniq_arachne
Orc:1:    layout_caves
Orc:2:    grunt_orc_tribal_feast, layout_caves, mines2_david

Skill      XL: |  1  2  3  4  5  6  7  8  9 10 11 12 13 14 15 16 17 18 |
---------------+-------------------------------------------------------+-----
Spellcasting   | 3 4 5 7 9 11 13 14 15 16 | 16.5
Fighting       | 1 2 3 4 5 7 8 10 12 13 14 15 16 | 16.0
Necromancy     | 4 5 6 7 8 9 10 11 12 | 12.1
Dodging        | 2 3 4 6 7 8 9 10 11 12 | 12.1
Maces & Flails | 2 6 8 10 11 | 11.1
Earth Magic    | 1 3 4 |  4.9
Armour         | 1 3 5 |  5.7
Summonings     | 1 4 10 14 15 | 15.2
Translocations | 2 |  2.0
Ice Magic      | 1 |  1.9
Stealth        | |  1.4

Action                     |  1- 3 |  4- 6 |  7- 9 | 10-12 | 13-15 | 16-18 || total
---------------------------+-------+-------+-------+-------+-------+-------++-------
  Melee: Dagger            |    10 |    65 |   193 |     8 |       |       ||   276
         Whip              |     1 |       |       |       |       |       ||     1
         Headbutt          |     1 |    14 |    38 |    42 |   124 |    54 ||   273
         Falchion          |       |       |    32 |   118 |       |       ||   150
         Flail             |       |       |       |    88 |   461 |   168 ||   717
         Kick              |       |       |       |     4 |   190 |    81 ||   275
  Throw: Dart              |       |       |       |    14 |    24 |    23 ||    61
   Cast: Necrotise         |    41 |    72 |   119 |    81 |     3 |       ||   316
         Vampiric Draining |       |     2 |    11 |    86 |    66 |     8 ||   173
         Animate Dead      |       |       |     6 |    18 |    34 |    15 ||    73
         Curse of Agony    |       |       |       |     7 |     9 |       ||    16
         Lesser Beckoning  |       |       |       |     2 |     2 |     2 ||     6
         Borgnjor's Vile C |       |       |       |     9 |    95 |    44 ||   148
         Death Channel     |       |       |       |     3 |    51 |    38 ||    92
         Martyr's Knell    |       |       |       |     2 |    69 |    72 ||   143
         Blink             |       |       |       |     1 |     8 |     1 ||    10
         Dispel Undead     |       |       |       |       |    22 |    44 ||    66
         Ozocubu's Armour  |       |       |       |       |    15 |    13 ||    28
         Fugue of the Fall |       |       |       |       |    19 |    37 ||    56
         Anguish           |       |       |       |       |       |    27 ||    27
         Haunt             |       |       |       |       |       |    17 ||    17
 Invoke: Unearth Wretches  |       |       |       |     3 |     4 |     7 ||    14
         Receive Forbidden |       |       |       |       |     1 |       ||     1
  Evoke: Wand              |       |       |     5 |    26 |    17 |       ||    48
    Use: Scroll            |       |    13 |     4 |     7 |    19 |     4 ||    47
         Potion            |       |       |       |     4 |     1 |     9 ||    14
   Stab: Sleeping          |     1 |     1 |       |     2 |     1 |     1 ||     6
         Distracted        |       |       |     1 |       |     4 |     2 ||     7
         Paralysed         |       |       |    16 |    12 |     1 |     3 ||    32
         Invisible         |       |       |       |     1 |     1 |       ||     2
 Armour: Robe              |    23 |    58 |   229 |   384 |   198 |       ||   892
         Skin              |       |       |       |    25 |       |       ||    25
         Troll leather arm |       |       |       |       |   439 |   194 ||   633
         Ice dragon scales |       |       |       |       |       |    92 ||    92
  Dodge: Dodged            |     8 |    35 |   155 |   271 |   408 |   220 ||  1097
         Repelled          |       |       |     2 |     1 |     5 |     2 ||    10

Table legend: (Time is in decaauts)
 A = Elapsed time spent in this place.
 B = Non-inter-level travel time spent in this place.
 C = Inter-level travel time spent in this place.
 D = Time resting spent in this place.
 E = Time spent auto-exploring this place.
 F = Levels seen in this place.
 G = Mean time per level.
                   A        B        C        D        E       F      G
               +--------+--------+--------+--------+--------+-----+--------+
         Total |  36863 |  35297 |   1566 |   6217 |  21052 |  28 | 1316.5 |
       Dungeon |  20377 |  19324 |   1053 |   3336 |  12431 |  15 | 1358.5 |
        Temple |    104 |    104 |      0 |      0 |      0 |   1 |  104.0 |
          Lair |   8834 |   8482 |    352 |   1662 |   4937 |   5 | 1766.8 |
   Spider Nest |   3848 |   3796 |     52 |    204 |   2253 |   4 |  962.0 |
  Orcish Mines |   1976 |   1867 |    109 |     73 |   1149 |   2 |  988.0 |
      Ice Cave |   1722 |   1722 |      0 |    942 |    282 |   1 | 1722.0 |
               +--------+--------+--------+--------+--------+-----+--------+

Top non-repeatable levels by time:
  Lair:5: 2121 daAuts
     D:7: 2083 daAuts
  Lair:4: 1973 daAuts
  Lair:3: 1955 daAuts
    D:11: 1803 daAuts
     D:8: 1788 daAuts
    D:12: 1743 daAuts
   IceCv: 1722 daAuts
     D:5: 1621 daAuts
  Lair:1: 1610 daAuts
     D:9: 1566 daAuts
   Orc:2: 1473 daAuts
     D:2: 1391 daAuts
    D:15: 1338 daAuts
     D:4: 1332 daAuts
